 Dungeon Crawl Stone Soup version 0.28-a0-909-g796cbd3a86 (webtiles) character file.

Game seed: 7581037130555537120

21 Majang the Skirmisher (level 2, 24/24 HPs)
             Began as a Mummy Fighter on Nov 24, 2021.
             Was a Follower of Vehumet.
             Safely got out of the dungeon.
             The game lasted 00:02:55 (982 turns).

Majang the Skirmisher (Mummy Fighter)                Turns: 982, Time: 00:02:56

Health: 24/24      AC:  6    Str: 19    XL:     2   Next: 65%
Magic:  2/2        EV:  9    Int:  7    God:    Vehumet [*.....]
Gold:   54         SH:  4    Dex: 11    Spells: 1/1 levels left

rFire   x . .      SeeInvis .   a - +0 trident
rCold   + . .      Faith    .   c - +0 buckler
rNeg    + + +      Spirit   .   b - +0 scale mail
rPois   ∞          Reflect  .   (no helmet)
rElec   .          Harm     .   (no cloak)
rCorr   .          Rampage  .   (no gloves)
Will    .....                   (no boots)
Stlth   ..........              (no amulet)
HPRegen 0.08/turn               (no ring)
MPRegen 0.08/turn               (no ring)

@: no status effects
A: cold resistance 1, negative energy resistance 3, torment resistance 2, heat
vulnerability 1, no potions
a: Renounce Religion


You escaped.
You worshipped Vehumet.
Vehumet was aware of your devotion.
You visited 1 branch of the dungeon, and saw 1 of its levels.

You collected 54 gold pieces.

Inventory:

Hand Weapons
 a - a +0 trident (weapon)
Armour
 b - a +0 scale mail (worn)
 c - a +0 buckler (worn)
Scrolls
 d - 2 scrolls of blinking {unknown}
 e - 2 scrolls of amnesia {unknown}
 f - a scroll of summoning {unknown}
 g - a scroll of identify {unknown}


   Skills:
 + Level 3.3 Fighting
 * Level 2.3 Polearms
 - Level 2.4 Armour
 - Level 2.4 Shields


You had one spell level left.
You didn't know any spells.
Your spell library was empty.

Dungeon Overview and Level Annotations

Branches:
Dungeon (1/15)

Altars:
Vehumet


Innate Abilities, Weirdness & Mutations

You are immune to poison.
Your flesh is cold resistant. (rC+)
You are immune to negative energy. (rN+++)
You are immune to unholy pain and torment.
You are vulnerable to heat. (rF-)
You do not drink.


Message History

You puncture the rat!
You kill the rat!
You enter the shallow water.
Moving in this stuff is going to be slow.
You see here a rat corpse.
You enter the shallow water.
Moving in this stuff is going to be slow.
Found a faded altar of an unknown god.
You enter the shallow water.
Moving in this stuff is going to be slow.
There is a faded altar of an unknown god here.
Done exploring.
You cannot tell which god this altar belongs to.
Convert to them anyway?
Vehumet accepts your prayer! Vehumet welcomes you!
You can now gain magical power from killing.
Vehumet offers you knowledge of Sandblast.
Saving game... please wait.
Welcome back, Majang the Mummy Fighter.
Vehumet says: Let it end in hellfire!
Press ? for a list of commands and other information.
Clearing level map.
Unknown command.
Press < or > to pray at altars.
Unknown command.
Press < or > to pray at altars.
You enter the shallow water.
Moving in this stuff is going to be slow.
You enter the shallow water.
Moving in this stuff is going to be slow.
You enter the shallow water.
Moving in this stuff is going to be slow.
You see here a rat corpse.
You enter the shallow water.
Moving in this stuff is going to be slow.
You see here a +0 leather armour.
There is an open door here.
There is a staircase leading out of the dungeon here.
Are you sure you want to leave the Dungeon?
This will make you lose the game!
You have escaped!

######....#......##.#############
..# ####...####.#..............#
#.## ##...###.#..###########.#
...#######..............# #.#
###.....##...###.##.###.# ##..
PP#####.##...# #....# #.# #...
P##..........###'##.# #.# #.##
#######.##.#.##...#.# #.# #.# #
#......##.@.#.# #.# #.#
####...##...#.# #.# #.# #
##..###'#### #.# #.# #
#>...[..### #.# #.# ##
##...#.##.# #.# ##.## ≈#
##..#.##.# #.# #.... ≈####
##....##.####.#####..## .._8#
##.....##.............#
##########.......######.#####.###


There were no monsters in sight!

Vanquished Creatures
  A dart slug (D:1)
  A bat (D:1)
  An endoplasm (D:1)
  3 giant cockroaches (D:1)
  3 goblins (D:1)
  2 hobgoblins (D:1)
  3 ball pythons (D:1)
  A frilled lizard (D:1)
  2 rats (D:1)
17 creatures vanquished.

Notes
Turn   | Place    | Note
-------+----------+-------------------------------------------
     0 | D:1      | Majang the Mummy Fighter began the quest for the Orb.
     0 | D:1      | Reached XP level 1. HP: 18/18 MP: 1/1
   298 | D:1      | Reached XP level 2. HP: 24/24 MP: 2/2
   942 | D:1      | Found a faded altar of an unknown god.
   947 | D:1      | Prayed at the altar of an unknown god.
   947 | D:1      | Became a worshipper of Vehumet
   947 | D:1      | Reached * piety under Vehumet
   947 | D:1      | Offered knowledge of Sandblast by Vehumet.
   982 | D:$      | Safely got out of the dungeon.

Illustrated notes

Levels and vault maps discovered:
D:1:      dpeg_arrival_tiny_h, layout_loops_ring,
          shapermc_ecumenical_altar_hornbeckon

Skill      XL: |  1 |
---------------+----+-----
Polearms       | 2 |  2.3
Fighting       | |  3.3
Armour         | |  2.4
Shields        | |  2.4

Action                   || total
-------------------------++-------
Melee: Trident           ||    49
Armor: Scale mail        ||    13
Dodge: Dodged            ||    18
Block: Buckler           ||     5

Table legend: (Time is in decaauts)
 A = Elapsed time spent in this place.
 B = Non-inter-level travel time spent in this place.
 C = Inter-level travel time spent in this place.
 D = Time resting spent in this place.
 E = Time spent auto-exploring this place.
 F = Levels seen in this place.
 G = Mean time per level.
                   A        B        C        D        E       F      G
               +--------+--------+--------+--------+--------+-----+--------+
         Total |   1002 |    965 |     37 |      9 |    823 |   1 | 1002.0 |
       Dungeon |   1002 |    965 |     37 |      9 |    823 |   1 | 1002.0 |
               +--------+--------+--------+--------+--------+-----+--------+

Top non-repeatable levels by time:
     D:1: 1002 daAuts
